 Dungeon Crawl Stone Soup version 0.17.1-3-g152610e (webtiles) character file.

83813 juanjsm the Unseen (level 15, 0/75 HPs)
             Began as a Spriggan Enchanter on Mar 21, 2016.
             Was the Champion of Ashenzari.
             Killed from afar by Josephine (29 damage)
             ... with a ghostly fireball
             ... on level 4 of the Orcish Mines on Mar 28, 2016.
             The game lasted 05:42:24 (25958 turns).

juanjsm the Unseen (Spriggan Enchanter)            Turns: 25958, Time: 05:42:28

Health: 0/75       AC:  9    Str:  6    XL:     15   Next: 33%
Magic:  35/43      EV: 38    Int: 36    God:    Ashenzari [******]
Gold:   1045       SH: 11    Dex: 18    Spells: 13 memorised, 0 levels left

rFire  . . .     SeeInvis +     e - +2 dagger (drain) (curse)
rCold  . . .     Clarity  +     g - +1 robe of Ranarutz {rElec Regen+ Int+3} (curse)
rNeg   . . .     SustAt   .     a - +3 buckler (curse)
rPois  .         Gourm    .     W - +3 hat of Pondering {ponderous, MR+ MP+10 Int+5} (curse)
rElec  +         Spirit   .     N - +2 cloak (curse)
rCorr  +         Warding  .     (gloves unavailable)
rMut   .         Stasis   .     (boots unavailable)
MR     +++..                    p - amulet of resist corrosion (curse)
Stlth  +++++++++.               L - +5 ring of evasion (curse)
                                K - +6 ring of intelligence (curse)

@: scrying, very slightly contaminated, slowed, repel missiles, invisible,
extremely resistant to hostile enchantments, incredibly stealthy
A: unfitting armour, see invisible, herbivore 3, speed 3, slow metabolism 2,
strong 1
a: Scrying, Transfer Knowledge, Renounce Religion


You were on level 4 of the Orcish Mines.
You worshipped Ashenzari.
Ashenzari was exalted by your worship.
You were not hungry.

You visited 4 branches of the dungeon, and saw 24 of its levels.
You also visited: Labyrinth and Ossuary.

You collected 2567 gold pieces.
You spent 1522 gold pieces at shops.

Inventory:

Hand Weapons
 e - a cursed +2 dagger of draining (weapon)
 D - a +3 vampiric dagger
 I - a +3 dagger
Armour
 a - a cursed +3 buckler (worn)
 g - the cursed +1 robe of Ranarutz (worn) {rElec Regen+ Int+3}
   (You found it on level 11 of the Dungeon)

   It affects your intelligence (+3).
   It insulates you from electricity.
   It increases your rate of regeneration.
   It has a curse placed upon it.
 J - a +2 robe of magic resistance
 N - a cursed +2 cloak (worn)
 T - a +0 robe of fire resistance
 W - the cursed +3 hat of Pondering (worn) {ponderous, MR+ MP+10 Int+5}
   (You took it off Gastronok on level 2 of the Lair of Beasts)

   It affects your intelligence (+5).
   It affects your resistance to hostile enchantments.
   It affects your magic capacity (+10).
   It has a curse placed upon it.
Magical Staves
 w - an uncursed staff of energy
Rods
 C - a +2 lightning rod (9/9)
   (You took it off a minotaur in a labyrinth)
Jewellery
 p - a cursed amulet of resist corrosion (around neck)
 K - a cursed +6 ring of intelligence (left hand)
 L - a cursed +5 ring of evasion (right hand)
 Y - an uncursed ring of poison resistance
Wands
 A - a wand of cold (9)
 E - a wand of confusion (34)
 H - a wand of teleportation (4)
 P - a wand of cold (12)
 S - a wand of fire (10)
 U - a wand of draining (6)
 Z - a wand of hasting (5)
Scrolls
 c - a scroll of recharging
 f - 7 scrolls of identify
 h - a scroll of immolation
 l - 13 scrolls of curse armour
 m - 6 scrolls of curse weapon
 q - 2 scrolls of holy word
 r - a scroll of fog
 t - 7 scrolls of teleportation
 u - 4 scrolls of amnesia
 x - 4 scrolls of fear
 y - 3 scrolls of magic mapping
 F - a scroll of enchant weapon
 G - 6 scrolls of remove curse
 Q - a scroll of torment
Potions
 b - 2 potions of haste
 j - 4 potions of heal wounds
 k - 14 potions of curing
 n - a potion of invisibility
 o - 2 potions of flight
 v - 2 potions of lignification
 B - 5 potions of agility
 M - a potion of cancellation
 O - 3 potions of brilliance
 R - a potion of mutation
 V - 4 potions of resistance
Miscellaneous
 i - a stone of tremors
 X - a box of beasts
Comestibles
 d - 15 bread rations
 s - 27 fruits
 z - 5 royal jellies


   Skills:
 * Level 7.5 Fighting
 + Level 8.8(13.2) Short Blades
 * Level 13.5(17.6) Dodging
 + Level 18.5(22.1) Stealth
 * Level 3.3(6.0) Shields
 * Level 13.1 Spellcasting
 + Level 1.9(5.2) Conjurations
 + Level 11.7(15.9) Hexes
 + Level 1.5(4.4) Charms
 + Level 2.2(5.6) Transmutations
 * Level 6.6(11.2) Fire Magic
 + Level 3.7(7.8) Ice Magic
 + Level 1.1(3.7) Air Magic
 * Level 2.2(5.7) Poison Magic
 + Level 2.3(5.8) Evocations


You couldn't memorise any spells.
You knew the following spells:

 Your Spells              Type           Power        Failure   Level  Hunger
a - Corona                Hex            #######      0%          1    None
b - Ensorcelled Hibernat  Hex/Ice        ######       1%          2    None
c - Confuse               Hex            #######.     0%          3    None
d - Dazzling Spray        Conj/Hex       #######.     1%          3    None
e - Tukima's Dance        Hex            #######.     0%          3    None
f - Venom Bolt            Conj/Pois      ######....   8%          5    None
g - Cure Poison           Pois           ######....   1%          2    None
h - Fireball              Conj/Fire      ######....   1%          5    None
i - Mephitic Cloud        Conj/Pois/Air  ######..     1%          3    None
j - Ignite Poison         Fire/Trmt/Pois ######..     1%          3    None
k - Repel Missiles        Chrm/Air       ######       1%          2    None
l - Invisibility          Hex            #######.     1%          6    ###....
m - Delayed Fireball      Conj/Fire      N/A          67%         7    #####..


Dungeon Overview and Level Annotations

Branches:
Dungeon (11/15)            Temple (1/1) D:6            Lair (8/8) D:11
 Shoals (0/4) Lair:3       Spider (0/4) Lair:3        Slime (0/6) Lair:7
    Orc (4/4) D:9             Elf (0/3) Orc:4

Altars:
Ashenzari
Cheibriados
Dithmenos
Elyvilon
Kikubaaqudgha
Makhleb
Okawaru
Qazlal
Ru
Sif Muna
Trog
Vehumet
Xom
Yredelemnul
Zin
The Shining One
Jiyva

Shops:
D:5 [   D:9 *=*   Orc:1 (((??   Orc:4 ?[

Portals:
Hell: Lair:8

Annotations:
D:9 Erolcha
Orc:4 Josephine


Innate Abilities, Weirdness & Mutations

You are tiny and cannot use many weapons and most armour.
You have supernaturally acute eyesight.
You are a herbivore.
You cover ground extremely quickly.
You need consume almost no food.
Your muscles are strong. (Str +2)


Message History

You block the wraith's attack.
You hear a shout! x2
Casting: Corona
Confirm with . or Enter, or press ? or * to list all spells.
Aiming: Ensorcelled Hibernation
Press: ? - help, Shift-Dir - straight line, f - Josephine
Aim: Josephine, wielding a dagger and wearing a robe (moderately wounded, chance to defeat MR: 37%)
Okay, then.
Casting: Ensorcelled Hibernation
Confirm with . or Enter, or press ? or * to list all spells.
Aiming: Invisibility
Press: ? - help, Shift-Dir - straight line, f - you You fade into invisibility!
You are very lightly contaminated with residual magic.
The wraith closely misses you. The wraith hits you!
The wraith drains your vigour!
You feel yourself slow down. You block the wraith's attack.
Josephine gestures at you while chanting.
The ghostly flame explodes!
The ghostly fireball engulfs you!
You die...

* ,
,*#......<..........#...)..)
*,
,................<.###......
##....#.....#.#....#...##..
,,
..................#....###. ,
,................##.#..#####
,,
......................##### ,
,
,....#...........##.....###.
,
,,,,,#......W......###...#.##
, * ,
.......@W....#.###...... ,, ,
......@W....#...##....#. ,,
**,, ......................##
* ,, ........................
, , ,,,
........................ , ,
.............#.....#.#.. , ,
,.............##...#...## *
** ,###.#######..#...###.#♣.
_,, * * * ,,∩ , , * ##...


You could see Josephine and 3 wraiths.

Vanquished Creatures
  Rupert (Lair:5)
  Gastronok (Lair:2)
  Maud (Lair:8)
  A dire elephant (Lair:8)
  A minotaur (Lab)
  An ettin (Orc:4)
  8 hydras
  2 death yaks (Lair:5)
  A sun demon (Lair:8)
  An unseen horror (D:10)
  A wizard (Lair:8)
  An orc sorcerer (Orc:2)
  5 hill giants
  An ugly thing (D:11)
  29 elephants
  5 black mambas
  A sixfirhy (Lair:8)
  A smoke demon (Lair:8)
  2 orange demons (Lair:8)
  A torpor snail (Lair:6)
  20 spiny frogs
  9 gargoyles
  2 fire drakes (Lair:8)
  2 komodo dragons
  2 trolls
  3 red devils (Lair:8)
  3 blue devils (Lair:8)
  A polar bear (Lair:4)
  Grinder (D:5)
  9 blink frogs (Lair:7)
  A two-headed ogre (D:9)
  5 wyverns
  A wraith (D:11)
  A shadow (Lab)
  24 yaks
  Eustachio (D:5)
  2 basilisks
  A hungry ghost (D:7)
  A deep elf mage (D:11)
  A deep elf fighter (D:11)
  4 wargs
  Menkaure (D:7)
  A steam dragon (Lair:7)
  A soldier ant (D:10)
  A mottled dragon (D:11)
  2 hell hounds (Lair:8)
  12 hippogriffs
  9 spiders (Lair:3)
  9 porcupines
  2 phantoms
  5 water moccasins
  6 ice beasts
  A necrophage (D:9)
  3 black bears
  17 orc warriors
  An eye of draining (D:9)
  5 centaurs
  2 sky beasts
  6 ogres
  18 crocodiles
  A gnoll sergeant (D:8)
  4 big kobolds
  10 giant frogs
  10 scorpions
  A wyvern skeleton (D:10)
  7 wights
  8 killer bees
  A quasit (D:8)
  2 centaur zombies
  3 crimson imps
  A wasp zombie (D:9)
  20 orc priests
  5 hounds
  2 human zombies (Ossuary)
  16 orc wizards
  A giant frog skeleton (D:10)
  3 jellies
  7 iguanas
  12 worker ants
  A killer bee zombie (D:11)
  23 sheep
  2 big kobold zombies (Ossuary)
  A hound zombie (D:6)
  2 mummies (Ossuary)
  18 gnolls
  49 river rats
  A worker ant zombie (D:5)
  19 adders
  6 scorpion zombies (Ossuary)
  2 shadow imps
  An ooze (D:5)
  An adder zombie (D:8)
  3 worms (D:2)
  An adder skeleton (D:5)
  6 giant geckos
  146 orcs
  14 bats
  4 goblins
  15 hobgoblins
  7 jackals
  3 quokkas
  2 ball pythons
  2 giant cockroaches
  5 giant newts
  2 gnoll zombies (Ossuary)
  3 goblin zombies (Ossuary)
  3 hobgoblin zombies (Ossuary)
  2 jackal skeletons
  20 kobolds
  A kobold zombie (Ossuary)
  An orc zombie (Ossuary)
  A quokka zombie (D:5)
  16 rats
  A plant (Lair:5)
759 creatures vanquished.

Vanquished Creatures (collateral kills)
  A death yak (Lair:5)
  An orc warrior (D:10)
  A giant frog (Lair:5)
  An orc priest (D:10)
  A hound (D:10)
  3 orc wizards (D:10)
8 creatures vanquished.

Vanquished Creatures (others)
  A blink frog (Lair:7)
  A mummy (Ossuary)
  A scorpion zombie (Ossuary)
  21 fungi
  25 plants
49 creatures vanquished.

Grand Total: 816 creatures vanquished

Notes
Turn   | Place    | Note
--------------------------------------------------------------
     0 | D:1      | juanjsm the Spriggan Enchanter began the quest for the Orb.
     0 | D:1      | Reached XP level 1. HP: 9/9 MP: 5/5
   123 | D:1      | Reached XP level 2. HP: 8/13 MP: 6/6
   127 | D:1      | Learned a level 2 spell: Ensorcelled Hibernation
   853 | D:2      | Reached XP level 3. HP: 9/16 MP: 0/8
   858 | D:2      | Learned a level 3 spell: Confuse
  1212 | D:2      | Reached skill level 5 in Stealth
  1404 | D:2      | Reached XP level 4. HP: 11/21 MP: 2/10
  1885 | D:2      | Learned a level 3 spell: Dazzling Spray
  2040 | D:3      | Found a shadowy altar of Dithmenos.
  2157 | D:3      | Reached XP level 5. HP: 17/25 MP: 3/12
  2326 | D:3      | Found a glowing golden altar of the Shining One.
  2635 | D:4      | Reached skill level 6 in Stealth
  2691 | D:4      | Reached skill level 1 in Fighting
  2830 | D:4      | Reached XP level 6. HP: 30/30 MP: 13/13
  3231 | D:4      | Reached skill level 7 in Stealth
  3511 | D:4      | Noticed a black bear
  3516 | D:4      | Killed a black bear
  3603 | D:5      | Entered Level 5 of the Dungeon
  3604 | D:5      | Reached XP level 7. HP: 33/33 MP: 13/15
  3616 | D:4      | Learned a level 3 spell: Tukima's Dance
  3707 | D:5      | Reached skill level 8 in Stealth
  3707 | D:5      | Reached skill level 5 in Hexes
  3707 | D:5      | Reached skill level 1 in Ice Magic
  3718 | D:5      | Found a snail-covered altar of Cheibriados.
  3742 | D:5      | Found Zoshredorph's Armour Shop.
  3790 | D:5      | Found a radiant altar of Vehumet.
  3853 | D:5      | Noticed Eustachio
  3861 | D:5      | Killed Eustachio
  3861 | D:5      | Reached skill level 5 in Dodging
  3861 | D:5      | Reached skill level 5 in Spellcasting
  4034 | D:5      | Noticed a human
  4035 | D:5      | Found a runed door.
  4035 | D:5      | Noticed Grinder
  4039 | D:5      | Found a basalt altar of Yredelemnul.
  4044 | D:5      | Killed Grinder
  4044 | D:5      | Reached skill level 9 in Stealth
  4255 | D:5      | Reached XP level 8. HP: 29/37 MP: 8/17
  5151 | D:6      | Learned a level 7 spell: Delayed Fireball
  5229 | D:6      | Found a staircase to the Ecumenical Temple.
  5235 | Temple   | Entered the Ecumenical Temple
  5311 | Temple   | Became a worshipper of Ashenzari the Shackled
  5319 | Temple   | Gained mutation: You are dopey. (Int -2) [potion of mutation]
  5319 | Temple   | Gained mutation: You have an increased reservoir of magic (+10% MP). [potion of mutation]
  5319 | Temple   | Gained mutation: You are resistant to electric shocks. [potion of mutation]
  5320 | Temple   | Lost mutation: You have an increased reservoir of magic (+10% MP). [potion of cure mutation]
  5320 | Temple   | Lost mutation: You are dopey. (Int -2) [potion of cure mutation]
  5320 | Temple   | Lost mutation: You are resistant to electric shocks. [potion of cure mutation]
  5477 | D:5      | Bought a +2 hat for 208 gold pieces
  5678 | D:6      | Reached skill level 10 in Stealth
  5904 | D:7      | Found a sand-covered staircase.
  5984 | D:7      | Noticed Menkaure
  6020 | Ossuary  | Entered an ossuary
  6478 | Ossuary  | Reached XP level 9. HP: 43/43 MP: 10/20
  6489 | Ossuary  | Reached skill level 1 in Fire Magic
  6759 | D:7      | Learned a level 2 spell: Cure Poison
  6810 | D:7      | Reached skill level 11 in Stealth
  7235 | D:7      | Killed Menkaure
  7905 | D:8      | Reached * piety under Ashenzari
  7951 | D:8      | Reached skill level 12 in Stealth
  8235 | D:8      | Reached skill level 5 in Short Blades
  8384 | D:8      | Reached XP level 10. HP: 24/49 MP: 7/22
  8829 | D:9      | Found a deep blue altar of Sif Muna.
  8831 | D:9      | Found an iron altar of Okawaru.
  8831 | D:9      | Found a shimmering altar of Xom.
  9194 | D:9      | Found a staircase to the Orcish Mines.
  9276 | D:9      | Found Jowuol's General Store.
  9279 | D:9      | Bought a scroll of identify for 28 gold pieces
  9324 | D:9      | Found Nouzext's Jewellery Shop.
  9355 | D:9      | Found Qemuubli's General Store.
  9379 | D:9      | Bought a scroll of remove curse for 39 gold pieces
  9379 | D:9      | Bought a potion of heal wounds for 65 gold pieces
  9389 | D:9      | Learned a level 5 spell: Fireball
  9393 | D:9      | Learned a level 3 spell: Mephitic Cloud
  9639 | D:9      | Reached skill level 13 in Stealth
  9708 | D:9      | Noticed Erolcha
  9815 | D:10     | Entered Level 10 of the Dungeon
  9828 | D:10     | Reached ** piety under Ashenzari
 10229 | D:10     | Noticed a hill giant
 10236 | D:10     | Killed a hill giant
 10330 | D:10     | Reached skill level 14 in Stealth
 10417 | D:10     | Reached XP level 11. HP: 53/53 MP: 14/25
 10681 | D:10     | Learned a level 3 spell: Ignite Poison
 10725 | D:10     | Lost strength.
 12189 | D:10     | Lost strength.
 12242 | D:11     | Lost strength.
 12312 | D:10     | Lost strength.
 12393 | D:10     | Lost strength.
 12426 | D:11     | Identified the +1 robe of Ranarutz {rElec Regen+ Int+3}
 12448 | D:11     | Noticed a hill giant
 12454 | D:11     | Lost strength.
 12498 | D:11     | Noticed a four-headed hydra
 12513 | D:11     | Killed a four-headed hydra
 12733 | D:11     | Noticed a hill giant
 12739 | D:11     | Killed a hill giant
 12754 | D:11     | Found a burning altar of Makhleb.
 12885 | D:11     | Found a staircase to the Lair.
 12899 | D:11     | Noticed a hill giant
 12910 | D:11     | Killed a hill giant
 13162 | D:11     | Noticed a hill giant
 13192 | D:11     | Killed a hill giant
 13205 | D:11     | Killed a hill giant
 13304 | D:11     | Reached skill level 15 in Stealth
 13506 | Lair:1   | Entered Level 1 of the Lair of Beasts
 13583 | Lair:1   | Reached *** piety under Ashenzari
 13744 | Lair:1   | Found a labyrinth entrance.
 13753 | Lab      | Entered a labyrinth
 13825 | Lab      | Noticed a minotaur
 13856 | Lab      | Reached skill level 10 in Spellcasting
 13918 | Lab      | Killed a minotaur
 13918 | Lab      | Reached skill level 16 in Stealth
 13918 | Lab      | Reached XP level 12. HP: 38/58 MP: 17/27
 13973 | Lair:1   | Learned a level 2 spell: Repel Missiles
 15074 | Lair:2   | Reached **** piety under Ashenzari
 15124 | Lair:2   | Identified the +5 ring mail of the Moon {Str+6}
 15187 | Lair:2   | Found a shimmering altar of Xom.
 15275 | Lair:2   | Reached skill level 10 in Dodging
 15470 | Lair:2   | Noticed Gastronok
 15477 | Lair:2   | Killed Gastronok
 15544 | Lair:2   | Reached skill level 10 in Hexes
 15586 | Lair:2   | Reached skill level 5 in Fighting
 15901 | Lair:3   | Found a staircase to the Shoals.
 15906 | Lair:3   | Noticed a six-headed hydra
 16320 | Lair:3   | Found a hole to the Spider Nest.
 16375 | Lair:3   | Reached skill level 17 in Stealth
 16612 | Lair:3   | Reached ***** piety under Ashenzari
 16757 | Lair:3   | Killed a six-headed hydra
 17442 | Lair:4   | Reached skill level 1 in Conjurations
 17442 | Lair:4   | Reached skill level 1 in Charms
 17442 | Lair:4   | Reached skill level 1 in Transmutations
 17442 | Lair:4   | Reached skill level 5 in Fire Magic
 17442 | Lair:4   | Reached skill level 1 in Air Magic
 17442 | Lair:4   | Reached skill level 1 in Poison Magic
 17442 | Lair:4   | Reached XP level 13. HP: 34/65 MP: 29/29
 17772 | Lair:4   | Identified Lafokh's Catalogue of Bewitchment and Poison
 17877 | Lair:4   | Reduced skill Stealth to level 16
 18209 | Lair:5   | Reached skill level 17 in Stealth
 18216 | Lair:5   | Reached XP level 14. HP: 70/70 MP: 30/30
 18510 | Lair:5   | Noticed Rupert
 18575 | Lair:5   | Killed Rupert
 18900 | Lair:5   | Reached skill level 1 in Shields
 19892 | Lair:6   | Learned a level 6 spell: Invisibility
 19919 | Lair:6   | Reached skill level 18 in Stealth
 20185 | D:9      | Bought an uncursed amulet of resist corrosion for 260 gold pieces
 20603 | Lair:7   | Found a viscous altar of Jiyva.
 20604 | Lair:7   | Found a staircase to the Slime Pits.
 21049 | Lair:7   | Found a burning altar of Makhleb.
 21963 | Lair:8   | Entered Level 8 of the Lair of Beasts
 22093 | Lair:8   | Noticed Maud
 22112 | Lair:8   | Killed Maud
 22404 | Lair:8   | Reached XP level 15. HP: 70/75 MP: 29/32
 22562 | Lair:8   | Found a burning altar of Makhleb.
 22962 | Lair:8   | Found a gateway to Hell.
 23551 | D:10     | Noticed an unseen horror
 23556 | D:10     | Killed an unseen horror
 23569 | D:10     | Learned a level 5 spell: Venom Bolt
 23577 | D:10     | Learned a level 7 spell: Delayed Fireball
 23583 | D:10     | Gained mutation: Your muscles are strong. (Str +2) [mutagenic glow]
 23686 | D:9      | Bought a bread ration for 65 gold pieces
 23686 | D:9      | Bought a scroll of enchant armour for 97 gold pieces
 23686 | D:9      | Bought a wand of teleportation (4) for 312 gold pieces
 23725 | Orc:1    | Entered Level 1 of the Orcish Mines
 23771 | Orc:1    | Found Xoagov's Magic Scroll Shoppe.
 23825 | Orc:1    | Bought a scroll of teleportation for 45 gold pieces
 23825 | Orc:1    | Bought a scroll of teleportation for 45 gold pieces
 23825 | Orc:1    | Bought a scroll of recharging for 142 gold pieces
 24021 | Orc:1    | Found Paafol's Magic Scroll Shoppe.
 24051 | Orc:1    | Found Ninwylal's Weapon Shop.
 24090 | Orc:1    | Bought a scroll of teleportation for 36 gold pieces
 24090 | Orc:1    | Bought a scroll of magic mapping for 42 gold pieces
 24090 | Orc:1    | Bought a scroll of identify for 24 gold pieces
 24090 | Orc:1    | Bought a scroll of identify for 24 gold pieces
 24090 | Orc:1    | Bought a scroll of enchant weapon for 90 gold pieces
 24122 | Orc:1    | Found Osucoic's Antique Weapon Emporium.
 24157 | Orc:1    | Found Koigahe's Antique Weapon Shoppe.
 25011 | Orc:2    | Found a bloodstained altar of Trog.
 25511 | Orc:3    | Reached ****** piety under Ashenzari
 25778 | Orc:4    | Entered Level 4 of the Orcish Mines
 25880 | Orc:4    | Found Eqaellol's Armour Shoppe.
 25884 | Orc:4    | Found a staircase to the Elven Halls.
 25908 | Orc:4    | Found Moihedd's Magic Scroll Shop.
 25944 | Orc:4    | Noticed Josephine
 25958 | Orc:4    | Killed from afar by Josephine

Action                   |  1- 3 |  4- 6 |  7- 9 | 10-12 | 13-15 || total
-------------------------+-------+-------+-------+-------+-------++-------
Melee: Dagger            |    92 |   143 |   437 |   523 |   844 ||  2039
 Cast: Corona            |     8 |     2 |     9 |     3 |    17 ||    39
       Ensorcelled Hiber |    20 |    28 |    51 |   106 |    70 ||   275
       Confuse           |     1 |     5 |    43 |    37 |    33 ||   119
       Dazzling Spray    |       |     3 |    23 |    32 |    41 ||    99
       Cure Poison       |       |       |     1 |       |       ||     1
       Mephitic Cloud    |       |       |       |     8 |    25 ||    33
       Ignite Poison     |       |       |       |     7 |    25 ||    32
       Fireball          |       |       |       |     5 |    44 ||    49
       Repel Missiles    |       |       |       |     1 |       ||     1
       Invisibility      |       |       |       |       |     3 ||     3
       Tukima's Dance    |       |       |       |       |     1 ||     1
       Venom Bolt        |       |       |       |       |     2 ||     2
Invok: Scrying           |       |       |       |     1 |     4 ||     5
       Transfer Knowledg |       |       |       |       |     1 ||     1
       End Transfer Know |       |       |       |       |     1 ||     1
Evoke: Wand              |       |       |       |       |     3 ||     3
       Stone of tremors  |       |       |       |       |     1 ||     1
  Use: Scroll            |       |     7 |    13 |    21 |    14 ||    55
       Potion            |       |     2 |     4 |    13 |     1 ||    20
 Stab: Sleeping          |    16 |    25 |    57 |   117 |   115 ||   330
       Confused          |     1 |     4 |    31 |    31 |    28 ||    95
       Distracted        |       |     2 |     1 |     3 |     8 ||    14
       Invisible         |       |     1 |     5 |    11 |    24 ||    41
  Eat: Bread ration      |       |     1 |       |       |       ||     1
       Fruit             |       |       |     2 |     7 |    11 ||    20
       Pizza             |       |       |       |     1 |     1 ||     2
       Royal jelly       |       |       |       |     1 |       ||     1
